 Dungeon Crawl Stone Soup version 0.17-a0-15-g0155121 (console) character file.

145 Monkaria the Ducker (level 5, -10/28 HPs)
             Began as a Spriggan Abyssal Knight on Mar 5, 2015.
             Was a Follower of Lugonu.
             Mangled by an angel
             ... wielding a +1 sacred scourge of holy wrath
              (11 damage)
             ... on level 3 of the Abyss.
             The game lasted 00:03:30 (714 turns).

Monkaria the Ducker (Spriggan Abyssal Knight)        Turns: 714, Time: 00:03:31

Health: -10/28     AC:  2    Str:  9    XL:     5   Next: 6%
Magic:  9/9        EV: 19    Int: 13    God:    Lugonu [*.....]
Gold:   80         SH:  0    Dex: 14    Spells: 0 memorised, 4 levels left

rFire  . . .     SeeInvis +     a - +1 spear
rCold  . . .     Rnd*Rage +     b - +0 robe
rNeg   . . .     SustAb   .     (shield restricted)
rPois  .         Gourm    .     (helmet restricted)
rElec  .         Spirit   .     (no cloak)
rCorr  .         Warding  .     (gloves unavailable)
rMut   .         Stasis   .     (boots unavailable)
MR     .....                    (no amulet)
Stlth  +.........               (no ring)
                                (no ring)

@: glowing, very quick, not resistant to hostile enchantments, very unstealthy
A: unfitting armour, see invisible, berserk 1, clumsy 1, herbivore 3, speed 3,
low mp 1, slow metabolism 2, no device heal 1, MP-powered wands 2
a: Depart the Abyss, Renounce Religion


You were on level 3 of the Abyss.
You worshipped Lugonu.
Lugonu was aware of your devotion.
You were not hungry.

You visited 0 branches of the dungeon, and saw 0 of its levels.
You visited the Abyss 1 time.

You collected 80 gold pieces.

Inventory:

Hand weapons
 a - a +1 spear (weapon)
Missiles
 n - 15 poisoned needles
Armour
 b - a +0 robe (worn)
Magical devices
 l - a wand of cold (10)
Scrolls
 f - 2 scrolls of enchant weapon {unknown}
 h - a scroll of remove curse {unknown}
 j - a scroll of holy word {unknown}
 k - a scroll of identify {unknown}
 m - a scroll of vulnerability {unknown}
Potions
 d - a potion of brilliance {unknown}
 e - 2 potions of haste {unknown}
 i - a potion of agility {unknown}
Comestibles
 c - a bread ration
 g - 3 fruits


   Skills:
 * Level 3.5 Fighting
 - Level 2.1 Polearms
 + Level 0.9 Armour
 - Level 4.8 Dodging
 - Level 2.1 Invocations


You had 4 spell levels left.
You didn't know any spells.

Dungeon Overview and Level Annotations

Branches:
Dungeon (0/15)

Altars:


Innate Abilities, Weirdness & Mutations

You are tiny and cannot use many weapons and most armour.
You have supernaturally acute eyesight.
You are a herbivore.
You cover ground extremely quickly.
You need consume almost no food.
[You tend to lose your temper in combat.]
[You are clumsy. (Dex -2)]
[Your magical capacity is low (-10% MP).]
[Potions and wands are less effective at restoring your health.]
[You expend magic power (6 MP) to strengthen your wands.]


Message History

You see here 15 poisoned needles.
n - 15 poisoned needles
Found 13 gold pieces.
A large abomination comes into view.
A sixfirhy comes into view.
A large abomination comes into view.
You are suddenly pulled into a different region of the Abyss!
Found a gateway leading out of the Abyss.
There is a gateway leading out of the Abyss here.
An angel comes into view.
It is wielding a sacred scourge of holy wrath.
The angel shouts!
Found a gateway leading out of the Abyss.
Unknown command.
A large abomination comes into view.
The large abomination hits you!
The angel hits you with a sacred scourge of holy wrath!!
Ouch! That really hurt!
* * * LOW HITPOINT WARNING * * *
The angel hits you with a sacred scourge of holy wrath!
You die...

.## #...#..###.
##. #..... ......
### .##..#x##.##.#
##..##..##
.##......
#.#.#..#.......#
#.#.....#.##.#.# #
..
#.#.###.....#..#.#
.. #
A#..#∩##..AX...#
... ##..
###@..#..# . ##.
#....###..# ##..
...####.##.. .##
##......#. ..# #.#
. # #.## # ...##.
..# . # . . .
.##### #.# .. ##
.... .. .. #.. . .
# .


You could see an angel and a large abomination.

Vanquished Creatures
  A hungry ghost (Abyss:1)
  A white imp (Abyss:1)
2 creatures vanquished.

Vanquished Creatures (others)
  2 starspawn tentacles (Abyss:1)
  21 starspawn tentacle segments (Abyss:1)
23 creatures vanquished.

Grand Total: 25 creatures vanquished

Notes
Turn   | Place    | Note
--------------------------------------------------------------
     0 | Abyss:1  | Monkaria, the Spriggan Abyssal Knight, began the quest for the Orb.
     0 | Abyss:1  | Reached XP level 1. HP: 11/11 MP: 2/2
   111 | Abyss:1  | Noticed a ynoxinul
   132 | Abyss:1  | Noticed a hungry ghost
   168 | Abyss:1  | Noticed a tentacled starspawn
   234 | Abyss:1  | Killed a hungry ghost
   234 | Abyss:1  | Reached skill level 4 in Dodging
   234 | Abyss:1  | Reached XP level 2. HP: 14/16 MP: 4/4
   234 | Abyss:1  | Reached XP level 3. HP: 17/20 MP: 6/6
   234 | Abyss:1  | Reached XP level 4. HP: 20/24 MP: 9/9
   234 | Abyss:1  | Reached XP level 5. HP: 23/28 MP: 11/11
   340 | Abyss:1  | Noticed a sixfirhy
   437 | Abyss:1  | Noticed a sixfirhy
   453 | Abyss:1  | Noticed a wretched star
   530 | Abyss:3  | Found a corrupted altar of Lugonu.
   560 | Abyss:3  | Found a corrupted altar of Lugonu.
   638 | Abyss:3  | Noticed a large abomination
   640 | Abyss:3  | Noticed a sixfirhy
   642 | Abyss:3  | Noticed a large abomination
   698 | Abyss:3  | Noticed an angel
   710 | Abyss:3  | Noticed a large abomination
   714 | Abyss:3  | HP: 1/28 [angel/sacred scourge of holy wrath (19)]
   714 | Abyss:3  | Mangled by an angel

Action                   |  1- 3 |  4- 6 || total
-------------------------+-------+-------++-------
Melee: Spear             |    24 |     9 ||    33
